 Dungeon Crawl Stone Soup version 0.28-a0-533-g9f97627e2a (webtiles) character file.

Game seed: 1331432438624905280

52553 varam the Zephyrmancer (level 14, -2/113 HPs)
             Began as a Purple Draconian Air Elementalist on Sept 25, 2021.
             Was a High Priest of Nemelex Xobeh.
             Slain by a vampire (8 damage)
             ... on level 10 of the Dungeon.
             The game lasted 01:51:14 (30788 turns).

varam the Zephyrmancer (DrAE)                      Turns: 30788, Time: 01:51:14

Health: -2/113     AC:  9    Str: 19    XL:     14   Next: 27%
Magic:  26/27      EV: 13    Int: 25    God:    Nemelex Xobeh [*****.]
Gold:   896        SH:  0    Dex: 11    Spells: 15/31 levels left

rFire   . . .      SeeInvis .   E - +6 scimitar of Inflation {venom, rC- rCorr Str+3}
rCold   + . .      Faith    +   (no shield)
rNeg    . . .      Spirit   .   (armour unavailable)
rPois   +          Reflect  .   (helmet restricted)
rElec   .          Harm     .   (no cloak)
rCorr   +          Rampage  .   T - +0 pair of gloves
Will    ++...                   (no boots)
Stlth   ++........              D - amulet "Ixtemaiqo" {Faith rPois rC++ rCorr Dex-2}
HPRegen 0.28/turn               b - +6 ring of strength
MPRegen 0.20/turn               I - ring of Winter {rPois rCorr Int+5}

@: flying
A: breathe power, AC +8, unfitting armour, cold-blooded, big wings
a: Breathe Dispelling Energy, Renounce Religion, Draw Escape, Draw Destruction,
Draw Summoning, Triple Draw, Deal Four, Stack Five


You were on level 10 of the Dungeon.
You worshipped Nemelex Xobeh.
Nemelex Xobeh was extremely pleased with you.
You visited 2 branches of the dungeon, and saw 16 of its levels.
You also visited: Gauntlet.

You collected 1683 gold pieces.
You spent 787 gold pieces at shops.

Inventory:

Hand Weapons
 g - a +1 lajatang of draining
   (You found it on level 3 of the Dungeon)
 E - the +6 scimitar of Inflation (weapon) {venom, rC- rCorr Str+3}
   (You took it off a gnoll sergeant on level 6 of the Dungeon)

   It poisons the flesh of those it strikes.
   Str:       It affects your strength (+3).
   rC:        It makes you vulnerable to cold.
   rCorr:     It protects you from acid and corrosion.
 N - a +2 war axe of freezing
   (You bought it in a shop on level 1 of the Dungeon)
Missiles
 F - 2 throwing nets
 L - 79 poisoned darts
Armour
 T - a +0 pair of gloves (worn)
   (You found it on level 1 of the Lair of Beasts)
Magical Staves
 o - a staff of earth
   (You found it on level 5 of the Dungeon)
 s - a staff of air
   (You found it on level 4 of the Dungeon)
 W - a staff of fire
   (You found it on level 1 of the Lair of Beasts)
Jewellery
 a - an amulet of magic regeneration
   (You found it on level 2 of the Lair of Beasts)
 b - a +6 ring of strength (left hand)
   (You found it on level 1 of the Dungeon)
 f - a ring of protection from fire
   (You found it on level 6 of the Dungeon)
 D - the amulet "Ixtemaiqo" (around neck) {Faith rPois rC++ rCorr Dex-2}
   (You found it in a Gauntlet)

   [amulet of faith]

   It allows you to gain divine favour quickly.
   Dex:       It affects your dexterity (-2).
   rC:        It greatly protects you from cold.
   rPois:     It protects you from poison.
   rCorr:     It protects you from acid and corrosion.
 I - the ring of Winter (right hand) {rPois rCorr Int+5}
   (You found it on level 6 of the Dungeon)

   [ring of poison resistance]

   Int:       It affects your intelligence (+5).
   rPois:     It protects you from poison.
   rCorr:     It protects you from acid and corrosion.
Wands
 u - a wand of charming (12)
   (You found it on level 4 of the Dungeon)
 v - a wand of digging (14)
   (You found it on level 8 of the Dungeon)
 B - a wand of paralysis (11)
   (You found it on level 4 of the Lair of Beasts)
 C - a wand of iceblast (27)
   (You took it off a gnoll sergeant on level 6 of the Dungeon)
 S - a wand of acid (11)
   (You found it in a Gauntlet)
Scrolls
 h - 3 scrolls of vulnerability
 p - a scroll of silence
 r - 4 scrolls of identify
 t - 3 scrolls of teleportation
 w - 2 scrolls of fear
 y - a scroll of holy word
 z - 2 scrolls of blinking
 J - 3 scrolls of magic mapping
 K - a scroll of torment
 O - a scroll of immolation
 P - 2 scrolls of noise
 Q - 2 scrolls of enchant armour
 R - a scroll of summoning
 Y - a scroll of brand weapon
Potions
 c - 6 potions of cancellation
 d - 2 potions of attraction {unknown}
 e - a potion of experience {unknown}
 j - a potion of degeneration {unknown}
 l - 2 potions of magic
 m - 2 potions of resistance {unknown}
 n - 2 potions of mutation
 q - 3 potions of curing
 G - 2 potions of haste
 H - a potion of berserk rage {unknown}
 M - 2 potions of brilliance
 U - 2 potions of might {unknown}
 V - 5 potions of heal wounds {unknown}
 X - 5 potions of invisibility
Miscellaneous
 i - a phantom mirror
   (You found it in a Gauntlet)
 x - a tin of tremorstones (2/2)
   (You found it on level 4 of the Lair of Beasts)
 Z - a box of beasts
   (You found it on level 1 of the Lair of Beasts)


   Skills:
 - Level 7.4 Fighting
 - Level 8.0 Long Blades
 + Level 10.1 Staves
 - Level 5.5 Dodging
 - Level 1.7 Stealth
 - Level 9.4 Spellcasting
 - Level 2.1 Conjurations
 - Level 7.2 Hexes
 - Level 6.0 Summonings
 - Level 13.5 Air Magic
 - Level 10.0 Invocations


You had 15 spell levels left.
You knew the following spells:

 Your Spells              Type           Power      Damage    Failure   Level
a - Shock                 Conj/Air       100%       1d9       1%          1
b - Swiftness             Air            68%        N/A       1%          3
c - Airstrike             Air            34%        N/A       1%          4
d - Cause Fear            Hex            23%        N/A       2%          4
e - Summon Lightning Spi  Summ/Air       57%        N/A       1%          4

Your spell library contained the following spells:

 Spells                   Type           Power      Damage    Failure   Level
 Summon Small Mammal      Summ           100%       N/A       1%          1
 Static Discharge         Conj/Air       50%        N/A       1%          2
 Tukima's Dance           Hex            47%        N/A       1%          3
 Silence                  Hex/Air        29%        N/A       1%          5
 Dazzling Flash           Conj/Hex       70%        N/A       2%          3
 Inner Flame              Hex/Fire       29%        N/A       3%          3
 Animate Skeleton         Necr           22%        N/A       5%          1
 Apportation              Tloc           22%        N/A       5%          1
 Beastly Appendage        Tmut           22%        N/A       5%          1
 Wereblood                Tmut           11%        N/A       8%          2
 Spider Form              Tmut/Pois      5%         N/A       16%         3
 Hailstorm                Conj/Ice       17%        3d6       32%         4
 Iskenderun's Mystic Bla  Conj/Tloc      17%        2d5       32%         4
 Yara's Violent Unravell  Hex/Tmut       14%        3d7       32%         5
 Invisibility             Hex            23%        N/A       38%         6
 Animate Dead             Necr           5%         N/A       45%         4
 Ice Form                 Ice/Tmut       11%        N/A       45%         4
 Passage of Golubria      Tloc           N/A        N/A       45%         4
 Fireball                 Conj/Fire      8%         3d6       67%         5
 Maxwell's Capacitive Co  Air            34%        ∞         80%         8
 Alistair's Intoxication  Tmut/Pois      7%         N/A       82%         5
 Blade Hands              Tmut           5%         N/A       82%         5
 Borgnjor's Vile Clutch   Necr/Erth      5%         N/A       82%         5
 Storm Form               Tmut/Air       22%        N/A       95%         7
 Iron Shot                Conj/Erth      8%         9d3       99%         6
 Starburst                Conj/Fire      8%         6d4       99%         6
 Death Channel            Necr           5%         N/A       100%        6
 Simulacrum               Ice/Necr       5%         N/A       100%        6
 Discord                  Hex            23%        N/A       100%        8
 Ignition                 Fire           5%         3d4       100%        8
 Lehudib's Crystal Spear  Conj/Erth      8%         10d4      100%        8
 Animate Armour           Summ/Erth      Unusable   N/A       N/A         4

Dungeon Overview and Level Annotations

Branches:
Dungeon (10/15)            Temple (0/1) D:5            Lair (6/6) D:10
 Shoals (0/4) Lair:3        Snake (0/4) Lair:4        Slime (0/5) Lair:5
Gauntlet (visited)
    Orc: D:9-12

Altars:
Ashenzari
Dithmenos
Elyvilon
Gozag
Hepliaklqana
Nemelex Xobeh
Okawaru
Qazlal
Ru
Trog
Uskayaw
Xom
Zin
The Shining One
Jiyva
Lugonu

Shops:
D:1 (*[?

Portals:
Abyss: Lair:6

Annotations:
Lair:2 2 transporters
Lair:6 1 runed translucent door, rigao's ghost, journeyman DrWz


Innate Abilities, Weirdness & Mutations

You can breathe bolts of dispelling energy.
Your rich purple scales are hard. (AC +8)
You cannot fit into any form of body armour.
You are cold-blooded and may be slowed by cold attacks.
Your large and strong wings let you fly.


Message History

Something bites you but does no damage.
You closely miss something. You tail-slap something. Something hits you.
Something bites you.
Something draws strength from your injuries!
You closely miss something. Something hits you. Something bites you!
Something draws strength from your injuries!
You hit something.
Your tail-slap misses something.
Something hits you! Something bites you.
Something draws strength from your injuries!
You closely miss something. Something hits you.
Something bites you but does no damage.
You barely miss something. Something hits you but does no damage.
Something bites you but does no damage.
You closely miss something. Something hits you! Something bites you!
Something draws strength from your injuries!
Unknown command.
Unknown command.
As you read the scroll of fog, it crumbles to dust.
The scroll dissolves into smoke.
Something hits you. Something bites you!
Something draws strength from your injuries!
You miss something. Something hits you but does no damage. Something bites you!
* * * LOW HITPOINT WARNING * * *
Something draws strength from your injuries!
You slash something!
Your tail-slap misses something.
Something hits you.
* * * LOW HITPOINT WARNING * * *
Something bites you.
* * * LOW HITPOINT WARNING * * *
Something draws strength from your injuries!
You draw a card...
You have drawn Velocity.
Nothing appears to happen.
Something hits you.
* * * LOW HITPOINT WARNING * * *
Something barely misses you.
You draw a card...
You have drawn the Cloud.
Nothing appears to happen.
The deck of cards disappears without a trace.
Something completely misses you. Something bites you but does no damage.
Something hits you!
* * * LOW HITPOINT WARNING * * *
Something bites you!
You die...
Your body glows with a rainbow of weird colours and disappears.

..###.#########...##
._.##.#### #.#..#
8###.....#########.#
## #####.....#.....#
#####.#.#####
#...#...# ########
#.#####§# (.......
#....§§§# .###
#.#####@# ...#
#...#§{§#
##.#########.#§###
#...........#8
##.......######
>..#.#..##.#.#####.#
...................#
...#.#.##..#..######
.......##..#..#


There were no monsters in sight!

Vanquished Creatures
  A minotaur (Gauntlet)
  Josephine (D:10)
  5 hydras
  A two-headed ogre (D:10)
  A death yak (Lair:4)
  2 thrashing horrors (Lair:6)
  A sixfirhy (Gauntlet)
  A death drake (Lair:3)
  A lindwurm (Lair:6)
  A harpy (Lair:6)
  A cyclops (D:10)
  3 black mambas
  A gargoyle (D:10)
  A merfolk siren (Lair:3)
  A moth of wrath (Gauntlet)
  A torpor snail (Lair:4)
  9 cane toads
  A kobold demonologist (D:10)
  A rime drake (Lair:1)
  8 komodo dragons
  2 merfolk (Lair:3)
  3 ancient zymes (Lair:6)
  3 polar bears
  2 trolls
  3 hornets (Gauntlet)
  21 blink frogs
  3 large abominations (Lair:6)
  2 ynoxinuls (Lair:6)
  3 wyverns
  3 wraiths
  A fire bat (Lair:4)
  28 yaks
  4 basilisks
  A chaos spawn (Lair:6)
  A steam dragon (D:6)
  A golden eye (Lair:4)
  A naga (Lair:4)
  A water moccasin (shapeshifter) (Lair:6)
  17 water moccasins
  Duvessa (D:6)
  2 orc warriors (D:9)
  2 ice beasts
  A black bear (Lair:2)
  3 necrophages
  14 wolves
  3 ogres
  A centaur (D:10)
  8 small abominations (Lair:6)
  3 kobold brigands
  2 gnoll sergeants
  9 bullfrogs
  4 scorpions
  Dowan (D:6)
  A wyvern zombie (D:7)
  A water moccasin skeleton (D:5)
  6 killer bees (D:8)
  12 wights (D:8)
  An electric eel (D:10)
  3 bullfrog zombies
  2 centaur zombies (D:10)
  4 jellies
  6 orc priests
  2 bullfrog skeletons
  An iguana (D:5)
  3 orc wizards
  3 killer bee zombies
  A hound skeleton (D:5)
  2 howler monkey zombies
  A howler monkey skeleton (D:6)
  8 gnolls
  A river rat (D:4)
  3 adders
  5 ufetubi
  An adder skeleton (D:4)
  A worm (D:3)
  25 orcs
  6 ball pythons
  2 bats
  6 endoplasms
  3 giant cockroaches (D:4)
  3 hobgoblins
  2 jackals (D:4)
  2 frilled lizards (D:2)
  A goblin (D:1)
  30 kobolds
  2 rats
346 creatures vanquished.

Vanquished Creatures (collateral kills)
  An ettin (Lair:6)
  2 hydras (Lair:6)
  A two-headed ogre (D:10)
  A death yak (Lair:4)
  A slime creature (Gauntlet)
  A lindwurm (shapeshifter) (Lair:6)
  2 ugly things (Lair:6)
  A smoke demon (Lair:6)
  A black mamba (Lair:6)
  A gargoyle (D:10)
  2 komodo dragons
  2 cane toads (Lair:6)
  An unseen horror (Lair:6)
  A rime drake (Lair:6)
  3 polar bears
  9 blink frogs
  2 wraiths (D:10)
  A wyvern (Lair:5)
  22 yaks
  A basilisk (Lair:6)
  A small abomination (Lair:6)
  A naga (Lair:4)
  An acid dragon (Lair:6)
  5 water moccasins
  An orc warrior (D:10)
  3 wolves (Lair:2)
  A centaur (D:10)
  A howler monkey (D:10)
  A jelly (Gauntlet)
71 creatures vanquished.

Vanquished Creatures (others)
  A bush (Lair:6)
  14 demonic plants (Gauntlet)
  39 fungi
  109 plants
163 creatures vanquished.

Grand Total: 580 creatures vanquished

Notes
Turn   | Place    | Note
-------+----------+-------------------------------------------
     0 | D:1      | varam the Draconian Air Elementalist began the quest for
                  | the Orb.
     0 | D:1      | Reached XP level 1. HP: 14/14 MP: 3/3
   223 | D:1      | Found Wousax's Magic Scroll Shop.
   224 | D:1      | Found Kudghube's Armour Shop.
   482 | D:1      | Found Siuxey's Assorted Antiques.
   497 | D:1      | Reached XP level 2. HP: 20/20 MP: 1/5
   704 | D:1      | Found Feupits's Antique Weapon Shop.
  1336 | D:2      | You fall into a shaft and drop 1 floor!
  1351 | D:3      | Found a broken altar of Ashenzari.
  1353 | D:3      | Found a white marble altar of Elyvilon.
  1401 | D:3      | Found a stormy altar of Qazlal.
  1402 | D:3      | Found a hazy altar of Hepliaklqana.
  1502 | D:3      | Reached XP level 3. HP: 17/26 MP: 0/6
  1851 | D:3      | Found a glowing silver altar of Zin.
  1897 | D:3      | Learned a level 3 spell: Swiftness
  2860 | D:4      | Noticed a necrophage
  2862 | D:4      | Noticed a scorpion
  2865 | D:5      | Entered Level 5 of the Dungeon
  2897 | D:5      | Found a shimmering altar of Xom.
  2907 | D:5      | Found a sparkling altar of Nemelex Xobeh.
  2917 | D:5      | Became a worshipper of Nemelex Xobeh the Trickster
  2929 | D:5      | Reached XP level 4. HP: 19/33 MP: 6/8
  2934 | D:5      | Found a staircase to the Ecumenical Temple.
  3164 | D:5      | Noticed an ice beast
  3690 | D:4      | Killed a necrophage
  3691 | D:4      | Reached skill level 4 in Air Magic
  3691 | D:4      | Reached XP level 5. HP: 32/38 MP: 2/10
  3915 | D:4      | Reached * piety under Nemelex Xobeh
  4065 | D:4      | You fall into a shaft and drop 1 floor!
  4160 | D:4      | Received a gift from Nemelex Xobeh
  4183 | D:4      | Reached skill level 5 in Air Magic
  4317 | D:4      | Noticed an ogre
  4332 | D:4      | Killed an ogre
  4333 | D:4      | Reached XP level 6. HP: 45/45 MP: 8/11
  4829 | D:5      | Reached skill level 6 in Air Magic
  4834 | D:5      | Learned a level 4 spell: Airstrike
  5101 | D:5      | Killed an ice beast
  5102 | D:5      | Reached skill level 7 in Air Magic
  5102 | D:5      | Your scales start taking on a rich purple colour.
  5102 | D:5      | Reached XP level 7. HP: 39/50 MP: 8/13
  5767 | D:6      | Noticed Dowan
  5823 | D:6      | Reached ** piety under Nemelex Xobeh
  5834 | D:6      | Reached skill level 8 in Air Magic
  6118 | D:6      | Reached skill level 9 in Air Magic
  6118 | D:6      | Reached XP level 8. HP: 29/57 MP: 7/14
  6400 | D:6      | Reached skill level 1 in Invocations
  6618 | D:6      | Identified the +6 scimitar of Inflation {venom, rC- rCorr
                  | Str+3}
  7058 | D:6      | Noticed Duvessa
  7066 | D:6      | Reached skill level 10 in Air Magic
  7076 | D:6      | Killed Duvessa
  7080 | D:6      | Killed Dowan
  7348 | D:6      | Reached skill level 5 in Invocations
  7435 | D:6      | Reached XP level 9. HP: 62/62 MP: 8/15
  7488 | D:6      | Noticed a troll
  7493 | D:6      | Killed a troll
  7636 | D:6      | Identified the ring of Winter {rPois rCorr Int+5}
  8142 | D:7      | Learned a level 4 spell: Cause Fear
  8191 | D:7      | Reached skill level 1 in Hexes
  8293 | D:7      | Reached skill level 5 in Spellcasting
  8603 | D:7      | Noticed a troll
  8606 | D:7      | Killed a troll
  8686 | D:7      | Found a bloodstained altar of Trog.
  9124 | D:7      | Reached *** piety under Nemelex Xobeh
  9246 | D:7      | Received a gift from Nemelex Xobeh
  9480 | D:8      | Reached skill level 5 in Hexes
  9689 | D:8      | Found an opulent altar of Gozag.
  9901 | D:8      | Noticed a cyclops
  9901 | D:8      | Noticed a manticore
  9914 | D:8      | Noticed a centaur warrior
  9914 | D:8      | Noticed a four-headed hydra
  9914 | D:8      | Noticed a deep elf pyromancer
  9925 | D:8      | Noticed a tengu warrior
  9925 | D:8      | Noticed a deep elf pyromancer
 10203 | D:1      | Bought a glowing war axe for 149 gold pieces
 10814 | D:8      | Received a gift from Nemelex Xobeh
 10826 | D:8      | Reached XP level 10. HP: 69/69 MP: 14/20
 11750 | D:9      | Reached skill level 1 in Fighting
 11750 | D:9      | Reached skill level 1 in Staves
 12109 | D:9      | Reached skill level 1 in Long Blades
 12350 | D:9      | Found a hide-covered altar of Uskayaw.
 12701 | D:10     | Entered Level 10 of the Dungeon
 12751 | D:10     | Noticed a gargoyle
 12756 | D:10     | Noticed a two-headed ogre
 12817 | D:10     | Noticed a gargoyle
 12845 | D:10     | Killed a gargoyle
 12935 | D:10     | Killed a gargoyle
 13140 | D:10     | Received a gift from Nemelex Xobeh
 13144 | D:10     | Found a staircase to the Lair.
 13154 | Lair:1   | Entered Level 1 of the Lair of Beasts
 13154 | Lair:1   | Reached **** piety under Nemelex Xobeh
 13374 | Lair:1   | Reached skill level 5 in Fighting
 13488 | Lair:1   | Noticed a six-headed hydra
 13497 | Lair:1   | Killed a seven-headed hydra
 13835 | Lair:1   | Reached skill level 5 in Long Blades
 14003 | Lair:1   | Reached XP level 11. HP: 89/89 MP: 2/21
 14268 | Lair:1   | Found a sacrificial altar of Ru.
 14714 | Lair:1   | Received a gift from Nemelex Xobeh
 15551 | Lair:2   | Noticed a five-headed hydra
 15557 | Lair:2   | Killed a five-headed hydra
 16057 | Lair:2   | Found a transporter.
 16059 | Lair:2   | Found a transporter.
 16060 | Lair:2   | Noticed a boulder beetle
 16060 | Lair:2   | Noticed a boulder beetle
 16068 | Lair:2   | Reached ***** piety under Nemelex Xobeh
 16136 | Lair:2   | Reached skill level 11 in Air Magic
 16358 | Lair:2   | Received a gift from Nemelex Xobeh
 17029 | Lair:3   | Learned a level 4 spell: Summon Lightning Spire
 17061 | Lair:3   | Found a gate leading to a gauntlet.
 17069 | Lair:3   | Reached skill level 1 in Summonings
 17076 | Gauntlet | Entered a Gauntlet
 17076 | Gauntlet | Found a transporter.
 17076 | Gauntlet | Found a transporter.
 17085 | Gauntlet | Noticed a cacodemon
 17114 | Gauntlet | Found a transporter.
 17115 | Gauntlet | Found a transporter.
 17122 | Gauntlet | Noticed a wizard
 17123 | Gauntlet | Noticed a wizard
 17125 | Gauntlet | Found a transporter.
 17146 | Gauntlet | Found a transporter.
 17154 | Gauntlet | Found a transporter.
 17162 | Gauntlet | Found a transporter.
 17179 | Gauntlet | Found a transporter.
 17187 | Gauntlet | Found a transporter.
 17187 | Gauntlet | Noticed a sixfirhy
 17203 | Gauntlet | Received a gift from Nemelex Xobeh
 17206 | Gauntlet | Found a transporter.
 17233 | Gauntlet | Found a transporter.
 17859 | Gauntlet | Killed a sixfirhy
 17860 | Gauntlet | Reached skill level 12 in Air Magic
 17860 | Gauntlet | Reached XP level 12. HP: 96/96 MP: 25/25
 18098 | Gauntlet | Identified the amulet "Ixtemaiqo" {Faith rPois rC++ rCorr
                  | Dex-2}
 18099 | Gauntlet | Gained mutation: Your flesh is heat resistant. (rF+)
                  | [potion of mutation]
 18099 | Gauntlet | Gained mutation: Your tail ends in a poisonous barb.
                  | [potion of mutation]
 18106 | Gauntlet | Lost mutation: Your flesh is heat resistant. (rF+) [potion
                  | of mutation]
 18106 | Gauntlet | Lost mutation: Your tail ends in a poisonous barb. [potion
                  | of mutation]
 18106 | Gauntlet | Gained mutation: Your spells are a little harder to cast,
                  | but a little more powerful. [potion of mutation]
 18106 | Gauntlet | Gained mutation: Your large and strong wings let you fly.
                  | [potion of mutation]
 18106 | Gauntlet | Lost mutation: Your spells are a little harder to cast, but
                  | a little more powerful. [potion of mutation]
 18142 | Gauntlet | Noticed a minotaur
 18156 | Gauntlet | Killed a minotaur
 18167 | Gauntlet | Identified the +1 robe of Vayvixt {rC- Str+9 SInv}
 18532 | Lair:3   | Identified the +6 spear of Exchange {antimagic, rF+++ rC-
                  | rCorr Int-3}
 20140 | Lair:3   | Found a staircase to the Shoals.
 21386 | Lair:4   | Reached skill level 5 in Dodging
 21390 | Lair:4   | Noticed a death yak
 22419 | Lair:4   | Received a gift from Nemelex Xobeh
 22436 | Lair:4   | Reached skill level 13 in Air Magic
 22530 | Lair:4   | Found a staircase to the Snake Pit.
 22613 | Lair:4   | Noticed a death yak
 22695 | Lair:4   | Killed a death yak
 22701 | Lair:4   | Killed a death yak
 22702 | Lair:4   | Reached skill level 5 in Summonings
 22794 | Lair:4   | Reached XP level 13. HP: 104/105 MP: 19/26
 23291 | Lair:5   | Identified the +5 ring mail of the Shoals {Str+3}
 23491 | Lair:5   | Found a viscous altar of Jiyva.
 23598 | Lair:5   | Found a staircase to the Slime Pits.
 24274 | Lair:6   | Entered Level 6 of the Lair of Beasts
 24324 | Lair:6   | Received a gift from Nemelex Xobeh
 24355 | Lair:6   | Reached skill level 5 in Staves
 24479 | Lair:6   | Found a runed translucent door.
 24479 | Lair:6   | Found a shimmering altar of Xom.
 24479 | Lair:6   | Noticed rigao's ghost (journeyman DrWz)
 25108 | Lair:6   | Noticed an ettin
 25108 | Lair:6   | a five-headed hydra changed into an ettin
 25114 | Lair:6   | Killed an ettin
 27472 | Lair:6   | Reached XP level 14. HP: 54/113 MP: 22/27
 28229 | Lair:6   | Reached skill level 10 in Invocations
 28717 | Lair:6   | Found a corrupted altar of Lugonu.
 28722 | Lair:6   | Found a one-way gate to the infinite horrors of the Abyss.
 29049 | D:10     | Found an iron altar of Okawaru.
 29258 | D:10     | Noticed Josephine
 29273 | D:10     | Killed Josephine
 29935 | D:10     | Reached skill level 10 in Staves
 30237 | D:1      | Bought a scroll of identify for 22 gold pieces
 30237 | D:1      | Bought a scroll of identify for 22 gold pieces
 30237 | D:1      | Bought a scroll of acquirement for 572 gold pieces
 30237 | D:1      | Bought a scroll of identify for 22 gold pieces
 30237 | D:1      | Acquired 786 gold pieces
 30735 | D:10     | Found a shadowy altar of Dithmenos.
 30736 | D:10     | Found a glowing golden altar of the Shining One.
 30788 | D:10     | Slain by a vampire

Illustrated notes

Levels and vault maps discovered:
D:1:      nzn_arrival_depleted_hourglass, layout_basic, serial_shops, shop,
          nicolae_lakefront_shop, nicolae_shop_stone, shop,
          chequers_serial_rivers_micro_d
D:2:      layout_basic, moated_statue
D:3:      layout_basic, mainiacjoe_overflow_catwalk,
          nicolae_overflow_hidden_temple
D:4:      layout_layer_cave, portal_sewer_entry_b
D:5:      layout_basic, mainiacjoe_overflow_large_starburst,
          minmay_temple_entry_mist, minmay_starry_boxes
D:6:      layout_loops_corners, kennysheep_generic_room_5, uniq_duvessa
D:7:      layout_gridville, amcnicky_altar_gilded
D:8:      layout_loops_corners, grunt_gozag_statues, eino_tiny_chamber,
          minivault_12
D:9:      layout_basic, nicolae_uskayaw_murder_on_the_dancefloor,
          minmay_crystal_water
D:10:     layout_loops_ring, gammafunk_temple_overflow_statue,
          mainiacjoe_overflow_boulevard, lair_entry_dummy,
          minmay_misc_feat_ornament, serial_bayou_lagoon_a,
          minmay_joined_circles, uniq_josephine
Lair:1:   layout_layer_cave, basic_altar
Lair:2:   gammafunk_boulding_lane, layout_regular_city, st_stairs_6,
          nicolae_quartered_pool_little
Lair:3:   layout_cave_pods, elwin_shoals_entry_stream, gauntlet_entry_generic,
          grunt_megastairs_3
Lair:4:   layout_regular_city, minmay_snake_entry_guardpost_small,
          infiniplex_staircase_pool_2
Lair:5:   layout_cave_shapes, slime_altar_1, cheibrodos_lair_lostbears
Lair:6:   hellmonk_lair_end_abyssal_woods, layout_misc_corridors,
          ebering_ghost_xom, chequers_serial_rivers_small_b, st_stairs_7

Skill      XL: |  1  2  3  4  5  6  7  8  9 10 11 12 13 14 |
---------------+-------------------------------------------+-----
Conjurations   | 2 |  2.1
Spellcasting   | 3 4 7 9 |  9.4
Air Magic      | 4 5 7 9 10 12 13 | 13.5
Invocations    | 5 6 9 10 | 10.0
Hexes          | 6 7 |  7.2
Fighting       | 6 7 |  7.4
Staves         | 2 8 10 | 10.1
Long Blades    | 5 8 |  8.0
Summonings     | 2 5 6 |  6.0
Dodging        | 5 |  5.5
Stealth        | |  1.7

Action                   |  1- 3 |  4- 6 |  7- 9 | 10-12 | 13-15 || total
-------------------------+-------+-------+-------+-------+-------++-------
Melee: Dagger            |    10 |       |     2 |       |       ||    12
       Tailslap          |     3 |     1 |    12 |    17 |    32 ||    65
       Lajatang          |    15 |     9 |    10 |       |       ||    34
       Staff             |       |     2 |       |     2 |       ||     4
       Scimitar          |       |       |    73 |   165 |   252 ||   490
 Cast: Shock             |    44 |    70 |   144 |   159 |   115 ||   532
       Airstrike         |       |       |    28 |   167 |    73 ||   268
       Summon Lightning  |       |       |       |     7 |    54 ||    61
       Cause Fear        |       |       |       |     1 |       ||     1
       Swiftness         |       |       |       |       |     1 ||     1
Invok: Draw Destruction  |       |     2 |     2 |    17 |    13 ||    34
       Draw Escape       |       |       |     2 |     2 |     4 ||     8
       Draw Summoning    |       |       |       |    10 |     1 ||    11
       Triple Draw       |       |       |       |     1 |       ||     1
       Deal Four         |       |       |       |     2 |     1 ||     3
 Abil: Breathe Dispellin |       |       |     2 |     2 |       ||     4
Evoke: Wand              |       |       |       |       |     1 ||     1
  Use: Scroll            |       |       |     5 |    11 |    10 ||    26
       Potion            |       |       |       |     6 |     1 ||     7
 Stab: Sleeping          |     4 |       |       |     1 |       ||     5
       Petrified         |       |       |       |     1 |       ||     1
       Distracted        |       |       |       |       |     8 ||     8
Armor: Skin              |    10 |     6 |    38 |    62 |   108 ||   224
Dodge: Dodged            |    12 |    17 |    93 |   149 |   229 ||   500

Table legend: (Time is in decaauts)
 A = Elapsed time spent in this place.
 B = Non-inter-level travel time spent in this place.
 C = Inter-level travel time spent in this place.
 D = Time resting spent in this place.
 E = Time spent auto-exploring this place.
 F = Levels seen in this place.
 G = Mean time per level.
                   A        B        C        D        E       F      G
               +--------+--------+--------+--------+--------+-----+--------+
         Total |  30960 |  28847 |   2113 |   7220 |  16427 |  17 | 1821.2 |
       Dungeon |  15508 |  13815 |   1693 |   1554 |   9895 |  10 | 1550.8 |
          Lair |  14294 |  13875 |    419 |   5182 |   6532 |   6 | 2382.3 |
      Gauntlet |   1157 |   1157 |      0 |    483 |      0 |   1 | 1157.0 |
               +--------+--------+--------+--------+--------+-----+--------+

Top non-repeatable levels by time:
  Lair:6: 3995 daAuts
  Lair:4: 2483 daAuts
  Lair:1: 2303 daAuts
  Lair:3: 2270 daAuts
     D:6: 1999 daAuts
    D:10: 1919 daAuts
     D:7: 1732 daAuts
     D:5: 1719 daAuts
  Lair:5: 1706 daAuts
     D:4: 1703 daAuts
     D:9: 1553 daAuts
  Lair:2: 1536 daAuts
     D:8: 1522 daAuts
     D:2: 1350 daAuts
Gauntlet: 1157 daAuts
